 Dungeon Crawl Stone Soup version 0.27-a0-1046-g98bf31544f (webtiles) character file.

Game seed: 16895446103268521105

36762 pokeman the Eclecticist (level 13, -1/72 HPs)
             Began as a Deep Elf Hedge Wizard on Apr 19, 2021.
             Was an Elder of Vehumet.
             Shot with an arrow by Nessos (12 damage)
             ... on level 4 of the Lair of Beasts.
             The game lasted 01:03:32 (20571 turns).

pokeman the Eclecticist (Deep Elf Hedge Wizard)    Turns: 20571, Time: 01:03:33

Health: -1/72      AC: 18    Str: 13    XL:     13   Next: 54%
Magic:  23/37      EV: 12    Int: 27    God:    Vehumet [****..]
Gold:   995        SH: 10    Dex: 14    Spells: 21/48 levels left

rFire    . . .     SeeInvis .   Z - staff of conjuration
rCold    . . .     Faith    .   m - +0 buckler
rNeg     . . .     Spirit   .   y - +0 acid dragon scales
rPois    .         Reflect  +   a - +1 helmet of Negligence {Int+2}
rElec    .         Harm     .   l - +0 cloak
rCorr    +         Rampage  .   q - +0 pair of gloves
Will     +....                  k - +1 pair of boots
Stlth    ++........             N - amulet of Ysicsul {Reflect Fragile Str+6 SH+5}
HPRegen  0.22/turn              X - ring of wizardry
MPRegen  0.25/turn              j - +4 ring of protection

@: lethally poisoned (-1 -> -25)
A: no striking features
a: Renounce Religion


You were on level 4 of the Lair of Beasts.
You worshipped Vehumet.
Vehumet was greatly pleased with you.
You visited 3 branches of the dungeon, and saw 19 of its levels.
You visited the Abyss 1 time.
You also visited: Bailey.

You collected 1225 gold pieces.
You spent 230 gold pieces at shops.

Inventory:

Hand Weapons
 b - the +7 spear of Rew Ceip {holy, rN+}
   (You found it on level 3 of the Lair of Beasts)

   It has been blessed by the Shining One to cause great damage to the undead
   and demons.
   It protects you from negative energy.
 r - a +0 arbalest
 Q - the +6 long sword "Embalmer" {venom, Dex+4}
   (You found it on level 10 of the Dungeon)

   It poisons the flesh of those it strikes.
   It affects your dexterity (+4).
Missiles
 s - 171 bolts
Armour
 a - the +1 helmet of Negligence (worn) {Int+2}
   (You found it on level 5 of the Dungeon)

   It affects your intelligence (+2).
 k - a +1 pair of boots (worn)
 l - a +0 cloak (worn)
 m - a +0 buckler (worn)
 q - a +0 pair of gloves (worn)
 y - +0 acid dragon scales (worn)
Magical Staves
 Z - a staff of conjuration (weapon)
Jewellery
 j - a +4 ring of protection (right hand)
 N - the amulet of Ysicsul (around neck) {Reflect Fragile Str+6 SH+5}
   (You took it off an orc warrior in a bailey)

   [amulet of reflection]

   It reflects blocked missile attacks.
   It affects your strength (+6).
   It will be destroyed if unequipped.
   It affects your SH (+5).
 S - a ring of see invisible
 X - a ring of wizardry (left hand)
Wands
 z - a wand of acid (12)
 F - a wand of digging (10)
Scrolls
 c - a scroll of enchant armour
 H - 2 scrolls of magic mapping
 J - 2 scrolls of teleportation
 V - a scroll of blinking
Potions
 e - 2 potions of ambrosia
 f - 6 potions of curing
 h - 4 potions of heal wounds
 A - 3 potions of magic


   Skills:
 - Level 5.2 Fighting
 + Level 5.5 Armour
 - Level 3.0 Dodging
 - Level 3.1 Stealth
 - Level 4.0 Shields
 * Level 18.4 Spellcasting
 + Level 11.5 Conjurations
 - Level 1.1 Summonings
 - Level 1.1 Translocations
 + Level 11.1 Fire Magic
 - Level 1.0 Air Magic
 - Level 1.0 Poison Magic
 - Level 1.1 Evocations


You had 21 spell levels left.
You knew the following spells:

 Your Spells              Type           Power      Damage    Failure   Level
a - Magic Dart            Conj           100%       1d8       0%          1
b - Mephitic Cloud        Conj/Pois/Air  65%        N/A       1%          3
c - Call Imp              Summ           30%        N/A       1%          2
d - Blink                 Tloc           N/A        N/A       1%          2
e - Conjure Flame         Conj/Fire      92%        6-21      1%          3
f - Foxfire               Conj/Fire      100%       2x1d9     1%          1
g - Fireball              Conj/Fire      46%        3d18      1%          5
h - Orb of Destruction    Conj           46%        9d15      2%          7
i - Swiftness             Air            30%        N/A       1%          3

Your spell library contained the following spells:

 Spells                   Type           Power      Damage    Failure   Level
 Beastly Appendage        Tmut           48%        N/A       1%          1
 Passwall                 Tmut/Erth      20%        N/A       1%          2
 Slow                     Hex            24%        N/A       1%          2
 Wereblood                Tmut           24%        N/A       1%          2
 Inner Flame              Hex/Fire       53%        N/A       1%          3
 Sticky Flame             Conj/Fire      92%        2d10      1%          4
 Spider Form              Tmut/Pois      13%        N/A       2%          3
 Passage of Golubria      Tloc           N/A        N/A       6%          4
 Lee's Rapid Deconstruct  Erth           12%        3d9*      8%          5
 Ice Form                 Ice/Tmut       24%        N/A       11%         4
 Hydra Form               Tmut           12%        N/A       26%         5
 Invisibility             Hex            24%        N/A       80%         6


Dungeon Overview and Level Annotations

Branches:
Dungeon (14/15)            Temple (1/1) D:7            Lair (4/6) D:11
 Spider (0/4) Lair:2          Orc (0/2) D:11         Bailey (visited)
  Swamp: Lair:2-4    Shoals: Lair:2-4    Vaults: D:13-14

Altars:
Elyvilon
Fedhas
Gozag
Hepliaklqana
Okawaru
Sif Muna
Trog
Uskayaw
Vehumet
Xom
Zin

Shops:
D:2 *=*[   D:11 =

Annotations:
Lair:4 Nessos


Message History

You are more poisoned.
Unknown command.
Casting: Fireball (safe; 1% risk of failure)
Confirm with . or Enter, or press ? or * to list all spells.
Aiming: Fireball (safe; 1% risk of failure)
Press: ? - help, Shift-Dir - straight line You feel a surge of power!
The fireball explodes!
The fireball engulfs the yak!!
The yak is severely wounded.
The fireball engulfs Nessos!
Nessos is severely wounded.
You feel very sick.
You hear a bellow!
You hear a howl!
Nessos shoots an arrow.
The arrow hits you! The arrow burns you.
You are lethally poisoned!
* * * LOW HITPOINT WARNING * * *
A yak comes into view. x2
Unknown command.
Casting: Fireball (safe; 1% risk of failure)
Confirm with . or Enter, or press ? or * to list all spells.
Aiming: Fireball (safe; 1% risk of failure)
Press: ? - help, Shift-Dir - straight line, f - yak
Aim: a yak (severely wounded)
You feel a surge of power!
The fireball explodes!
The fireball engulfs the yak!!
You kill the yak!
Vehumet accepts your kill.
You feel your power returning.
The fireball engulfs the yak!
The yak is heavily wounded.
The yak bellows!
The fireball engulfs Nessos!!
Nessos is almost dead.
The fireball engulfs the yak!!!
The yak is almost dead.
* * * LOW HITPOINT WARNING * * *
You feel very sick.
You hear a howl! x2
Nessos pounds the earth with their hooves.
Nessos shoots an arrow.
The arrow hits you!
You die...

..............#
..............#
..###...##....#
##....#...##
#.P..##...#
#P..###...#
##...# ....
#..## .## #.@P#
#...## ###.#
... .... ..†.^.
..†c...
##YY#P...


You could see Nessos and 2 yaks.

Vanquished Creatures
  Rupert (D:12)
  Josephine (D:13)
  2 hydras
  2 boulder beetles
  A centaur warrior (D:13)
  3 two-headed ogres
  The ghost of bilbop the Thaumaturge, a novice DjCj of Makhleb (D:7)
  A wizard (D:9)
  A manticore (D:13)
  2 ugly things (D:13)
  4 cyclopes
  A large abomination (Abyss:2)
  An ice statue (Lair:2)
  Joseph (D:7)
  7 cane toads
  A gargoyle (D:12)
  6 kobold demonologists
  2 komodo dragons
  A rime drake (Lair:2)
  A freezing wraith (Lair:2)
  2 trolls
  3 hornets
  5 polar bears
  3 blink frogs (Lair:2)
  A tarantella (Lair:2)
  2 shadows
  A vampire (D:11)
  2 wyverns
  3 wraiths (D:13)
  38 yaks
  3 basilisks
  A steam dragon (D:7)
  2 acid dragons
  Duvessa (D:4)
  10 water moccasins
  The ghost of Dazliare the Stinger, an amateur VSVM (D:4)
  10 orc warriors (Bailey)
  14 ice beasts
  2 ogres (D:5)
  2 necrophages
  7 wolves
  13 centaurs
  A phantom (D:6)
  4 kobold brigands (D:11)
  Blork the orc (D:4)
  6 bullfrogs
  A scorpion (D:5)
  A wyvern skeleton (D:7)
  A water moccasin zombie (D:6)
  3 killer bees (D:9)
  A water moccasin skeleton (D:5)
  Dowan (D:4)
  16 wights
  2 howler monkeys (D:11)
  4 electric eels (Lair:1)
  A bullfrog zombie (D:6)
  6 centaur zombies
  3 hounds
  2 jellies
  A centaur skeleton (D:7)
  2 gnoll shamans
  6 orc priests
  4 iguanas
  10 orc wizards
  A hound skeleton (D:4)
  6 adders
  14 gnolls
  2 shadow imps
  4 white imps
  2 dart slugs
  52 orcs
  11 ball pythons
  4 bats
  6 endoplasms
  5 giant cockroaches
  6 goblins
  6 hobgoblins
  4 jackals
  13 kobolds
  5 quokkas
  3 frilled lizards
  2 rats
389 creatures vanquished.

Vanquished Creatures (collateral kills)
  2 adders (D:4)
2 creatures vanquished.

Vanquished Creatures (others)
  381 foxfires
  7 fungi
  42 plants
430 creatures vanquished.

Grand Total: 821 creatures vanquished

Notes
Turn   | Place    | Note
-------+----------+-------------------------------------------
     0 | D:1      | pokeman the Deep Elf Hedge Wizard began the quest for the
                  | Orb.
     0 | D:1      | Reached XP level 1. HP: 10/10 MP: 7/7
   314 | D:1      | Reached XP level 2. HP: 16/16 MP: 6/9
   815 | D:1      | Found a faded altar of an unknown god.
  1111 | D:2      | Found Antiq's Armour Shoppe.
  1123 | D:2      | Found Asyevok's Assorted Antiques.
  1131 | D:2      | Reached skill level 5 in Spellcasting
  1201 | D:2      | Found Jolikkev's Jewellery Shoppe.
  1252 | D:2      | Reached XP level 3. HP: 20/20 MP: 7/11
  1256 | D:2      | Learned a level 3 spell: Mephitic Cloud
  1259 | D:2      | Learned a level 2 spell: Call Imp
  1262 | D:2      | Learned a level 2 spell: Blink
  1266 | D:2      | Learned a level 3 spell: Conjure Flame
  1640 | D:2      | Found Laklox's General Store.
  1930 | D:3      | Reached skill level 1 in Fighting
  1930 | D:3      | Reached skill level 1 in Armour
  2076 | D:3      | Found a shimmering altar of Xom.
  2076 | D:3      | Found a shimmering altar of Xom.
  2128 | D:3      | Found a shimmering altar of Xom.
  2130 | D:3      | Found a shimmering altar of Xom.
  2141 | D:3      | Reached XP level 4. HP: 25/25 MP: 9/13
  3018 | D:3      | Reached XP level 5. HP: 29/29 MP: 9/15
  3210 | D:4      | Found a runed translucent door.
  3228 | D:4      | Reached skill level 6 in Spellcasting
  3291 | D:4      | Noticed Dazliare's ghost (amateur VSVM)
  3291 | D:4      | Noticed Blork the orc
  3359 | D:4      | Killed Blork the orc
  3360 | D:4      | Reached skill level 1 in Shields
  3582 | D:4      | Noticed Duvessa
  3582 | D:4      | Noticed Dowan
  3591 | D:4      | Paralysed by a goblin for 3 turns
  3592 | D:4      | Killed Dowan
  3776 | D:4      | Reached XP level 6. HP: 34/34 MP: 12/17
  3848 | D:4      | Killed Duvessa
  3849 | D:4      | Reached skill level 7 in Spellcasting
  3849 | D:4      | Reached skill level 1 in Fire Magic
  3849 | D:4      | Reached skill level 1 in Poison Magic
  4278 | D:4      | Killed Dazliare's ghost
  4279 | D:4      | Reached skill level 1 in Evocations
  4285 | D:4      | Reached skill level 1 in Air Magic
  4355 | D:4      | Reached XP level 7. HP: 38/38 MP: 12/20
  4431 | D:5      | Entered Level 5 of the Dungeon
  4643 | D:5      | Reached skill level 8 in Spellcasting
  5347 | D:5      | Identified the +1 helmet of Negligence {Int+2}
  5745 | D:2      | Bought a potion of curing for 30 gold pieces
  5745 | D:2      | Bought a scroll of identify for 20 gold pieces
  5848 | D:4      | Reached XP level 8. HP: 44/44 MP: 15/22
  6011 | D:6      | Reached skill level 9 in Spellcasting
  6212 | D:6      | Learned a level 1 spell: Foxfire
  6218 | D:6      | Learned a level 5 spell: Fireball
  6276 | D:6      | Reached skill level 5 in Conjurations
  7080 | D:7      | Reached skill level 10 in Spellcasting
  7235 | D:7      | Noticed Joseph
  7262 | D:7      | Killed Joseph
  7263 | D:7      | Reached XP level 9. HP: 48/48 MP: 16/25
  7546 | D:7      | Reached skill level 11 in Spellcasting
  7553 | D:7      | Reached skill level 5 in Fire Magic
  8149 | D:7      | Found a runed translucent door.
  8152 | D:7      | Noticed bilbop's ghost (novice DjCj)
  8258 | D:7      | Found a staircase to the Ecumenical Temple.
  8267 | Temple   | Entered the Ecumenical Temple
  8282 | Temple   | Became a worshipper of Vehumet
  8412 | D:7      | Killed bilbop's ghost
  8648 | D:8      | Reached skill level 12 in Spellcasting
  9515 | D:9      | Reached XP level 10. HP: 53/53 MP: 17/28
  9516 | D:9      | Noticed a wizard
  9552 | D:9      | Cast into level 2 of the Abyss (a wizard)
  9652 | Abyss:2  | Noticed a deep elf demonologist
  9698 | Abyss:2  | Noticed a large abomination
  9725 | Abyss:2  | Killed a large abomination
  9732 | Abyss:2  | Noticed a worldbinder
  9733 | Abyss:2  | Noticed a worldbinder
  9739 | Abyss:2  | Noticed a mana viper
  9739 | Abyss:2  | Noticed a black mamba
  9739 | Abyss:2  | Noticed a mana viper
  9814 | Abyss:3  | Noticed a shadow demon
  9834 | D:9      | Escaped the Abyss
  9838 | D:9      | Reached * piety under Vehumet
  9838 | D:9      | Offered knowledge of Shock by Vehumet.
  9841 | D:9      | Killed a wizard
  9958 | D:9      | Reached skill level 13 in Spellcasting
 10942 | D:10     | Entered Level 10 of the Dungeon
 11104 | D:10     | Offered knowledge of Freeze by Vehumet.
 11210 | D:10     | Reached ** piety under Vehumet
 11211 | D:10     | Found a flagged portal.
 11248 | Bailey   | Entered a bailey
 11678 | Bailey   | Reached skill level 14 in Spellcasting
 11797 | Bailey   | Offered knowledge of Ignite Poison by Vehumet.
 11860 | Bailey   | Reached XP level 11. HP: 60/60 MP: 23/31
 12075 | Bailey   | Identified the amulet of Ysicsul {Reflect Fragile Str+6
                  | SH+5}
 12086 | Bailey   | Reached *** piety under Vehumet
 12560 | D:10     | Noticed a two-headed ogre
 12566 | D:10     | Killed a two-headed ogre
 12700 | D:10     | Identified the +6 long sword "Embalmer" {venom, Dex+4}
 13524 | D:11     | Noticed a boulder beetle
 13763 | D:11     | Offered knowledge of Olgreb's Toxic Radiance by Vehumet.
 13779 | D:11     | Reached skill level 15 in Spellcasting
 13945 | D:11     | Found a staircase to the Lair.
 13982 | D:11     | Noticed a two-headed ogre
 13985 | D:11     | Killed a two-headed ogre
 14150 | D:11     | Killed a boulder beetle
 14323 | D:11     | Found a staircase to the Orcish Mines.
 14429 | D:11     | Reached **** piety under Vehumet
 14429 | D:11     | Offered knowledge of Frozen Ramparts by Vehumet.
 14565 | D:11     | Found Lipis's Jewellery Boutique.
 14574 | D:11     | Bought a ring of see invisible for 180 gold pieces
 15034 | D:12     | Reached XP level 12. HP: 68/68 MP: 23/33
 15325 | D:12     | Noticed Rupert
 15330 | D:12     | Paralysed by Rupert for 4 turns
 15335 | D:12     | Killed Rupert
 15336 | D:12     | Reached skill level 5 in Fighting
 15336 | D:12     | Reached skill level 16 in Spellcasting
 15336 | D:12     | Reached skill level 10 in Conjurations
 15629 | D:13     | Noticed a boulder beetle
 15657 | D:13     | Killed a boulder beetle
 15789 | D:13     | Noticed a centaur warrior
 15793 | D:13     | Killed a centaur warrior
 16217 | D:13     | Noticed Josephine
 16221 | D:13     | Killed Josephine
 16222 | D:13     | Reached skill level 17 in Spellcasting
 16222 | D:13     | Reached skill level 10 in Fire Magic
 16303 | D:13     | Noticed a two-headed ogre
 16305 | D:13     | Killed a two-headed ogre
 16505 | D:13     | Found a blossoming altar of Fedhas.
 16778 | Lair:1   | Entered Level 1 of the Lair of Beasts
 17616 | Lair:1   | Reached XP level 13. HP: 72/72 MP: 20/36
 18079 | Lair:2   | Reached ***** piety under Vehumet
 18096 | Lair:2   | Offered knowledge of Orb of Destruction by Vehumet.
 18105 | Lair:2   | Learned a level 7 spell: Orb of Destruction
 18304 | Lair:2   | Reached skill level 5 in Armour
 18626 | Lair:2   | Reached skill level 18 in Spellcasting
 19096 | Lair:2   | Found a hole to the Spider Nest.
 19210 | Lair:2   | Learned a level 3 spell: Swiftness
 19765 | Lair:3   | Identified the +7 spear of Rew Ceip {holy, rN+}
 20567 | Lair:4   | Noticed Nessos
 20571 | Lair:4   | Shot with an arrow by Nessos

Illustrated notes

Levels and vault maps discovered:
D:1:      psy_arrival_heroes, layout_basic, chequers_ecumenical_altar_grove
D:2:      layout_basic, serial_shops, shop, nicolae_shop_waterfront, shop,
          shop_fountains, minmay_misc_feat_pillars
D:3:      layout_basic, xom_redecorated, kennysheep_generic_room_5
D:4:      layout_loops_cross, ebering_ghost_sewer_d, uniq_duvessa,
          uniq_blork_the_orc
D:5:      layout_cave_pods
D:6:      layout_basic, kennysheep_generic_room_13
D:7:      layout_loops_ring, minmay_temple_entry_poolview,
          ebering_ghost_reflecting_pool, uniq_joseph
D:8:      layout_loops_ring, minmay_statues_item
D:9:      cheibrodos_wizards_tower, layout_small_grid
D:10:     layout_gridville, enter_bailey_1, minmay_misc_feat_enclosed
D:11:     layout_gridville, lair_entry_dummy, orc_0_dummy, serial_shops,
          nicolae_shop_trees
D:12:     layout_roguey, hangedman_abyss_or_decor_clamps, uniq_rupert
D:13:     layout_big_octagon, fedhas_altar_4, uniq_josephine
D:14:     layout_basic, erik_vaults_2, uniq_frances
Temple:   nicolae_temple_the_god_donut
Lair:1:   layout_loops_ring, serial_bayou_lake_a, grunt_megastairs_4,
          infiniplex_staircase_pool, lemuel_fruit_fields
Lair:2:   layout_big_grid, spider_nest_entry_rubble,
          chequers_serial_rivers_marsh, ice2_lemuel, grunt_megastairs_3
Lair:3:   layout_loops_ring, grunt_megastairs_1
Lair:4:   layout_regular_city, minmay_shoals_entry_centaurs, uniq_nessos

Skill      XL: |  1  2  3  4  5  6  7  8  9 10 11 12 13 |
---------------+----------------------------------------+-----
Spellcasting   | 5 6 7 8 10 12 14 15 17 18 | 18.4
Fighting       | 1 2 3 4 5 |  5.2
Armour         | 1 2 3 4 5 |  5.5
Conjurations   | 2 3 4 5 7 8 9 10 11 | 11.5
Dodging        | 3 |  3.0
Shields        | 1 2 3 4 |  4.0
Stealth        | 3 |  3.1
Fire Magic     | 1 2 4 6 7 9 10 11 | 11.1
Poison Magic   | 1 |  1.0
Evocations     | 1 |  1.1
Air Magic      | 1 |  1.0
Summonings     | |  1.1
Translocations | |  1.1

Action                   |  1- 3 |  4- 6 |  7- 9 | 10-12 | 13-15 || total
-------------------------+-------+-------+-------+-------+-------++-------
Melee: Dagger            |     8 |    36 |       |       |       ||    44
       Staff             |       |       |    50 |    26 |     5 ||    81
 Cast: Magic Dart        |   102 |    78 |   112 |       |       ||   292
       Mephitic Cloud    |     1 |    11 |    15 |    16 |     2 ||    45
       Conjure Flame     |       |     8 |    11 |     8 |     1 ||    28
       Call Imp          |       |     4 |     5 |     2 |       ||    11
       Blink             |       |     1 |     1 |     2 |     3 ||     7
       Foxfire           |       |       |   126 |    74 |    16 ||   216
       Fireball          |       |       |     9 |   173 |    76 ||   258
Evoke: Wand              |       |       |     5 |       |       ||     5
  Use: Scroll            |       |       |     4 |    18 |     1 ||    23
 Stab: Confused          |     3 |     5 |     5 |       |       ||    13
Armor: Robe              |     1 |       |       |       |       ||     1
       Leather armour    |     2 |     4 |    16 |       |       ||    22
       Steam dragon scal |       |       |     8 |    35 |       ||    43
       Acid dragon scale |       |       |       |     1 |     6 ||     7
Dodge: Dodged            |    15 |    21 |    41 |    47 |     8 ||   132
Block: Buckler           |       |       |       |    14 |     9 ||    23
       Reflection        |       |       |       |     8 |       ||     8

Table legend: (Time is in decaauts)
 A = Elapsed time spent in this place.
 B = Non-inter-level travel time spent in this place.
 C = Inter-level travel time spent in this place.
 D = Time resting spent in this place.
 E = Time spent auto-exploring this place.
 F = Levels seen in this place.
 G = Mean time per level.
                   A        B        C        D        E       F      G
               +--------+--------+--------+--------+--------+-----+--------+
         Total |  20670 |  19529 |   1141 |   1888 |  14502 |  22 |  939.5 |
       Dungeon |  15545 |  14616 |    929 |   1379 |  10970 |  14 | 1110.4 |
        Temple |     81 |     64 |     17 |      0 |      6 |   1 |   81.0 |
          Lair |   3490 |   3296 |    194 |    259 |   2731 |   4 |  872.5 |
         Abyss |    281 |    281 |      0 |    167 |      0 |   2 |  140.5 |
        Bailey |   1271 |   1271 |      0 |     83 |    794 |   1 | 1271.0 |
               +--------+--------+--------+--------+--------+-----+--------+

Top non-repeatable levels by time:
     D:7: 1525 daAuts
     D:3: 1430 daAuts
    D:11: 1375 daAuts
    D:10: 1356 daAuts
     D:4: 1355 daAuts
  Bailey: 1271 daAuts
  Lair:1: 1268 daAuts
     D:5: 1254 daAuts
     D:8: 1200 daAuts
  Lair:2: 1170 daAuts
     D:1: 1086 daAuts
    D:13: 1077 daAuts
     D:6: 1066 daAuts
     D:9: 974 daAuts
    D:12: 951 daAuts
